 Dungeon Crawl Stone Soup version 0.28.0-53-g5a82cb258f (webtiles) character file.

Game seed: 2516225835999176202

808 DocClef the Spear-Bearer (level 7, 0/50 HPs)
             Began as a Merfolk Gladiator on June 30, 2022.
             Was an Initiate of Okawaru.
             Slain by a water moccasin (5 damage)
             ... on level 6 of the Dungeon.
             The game lasted 00:04:12 (5586 turns).

DocClef the Spear-Bearer (Merfolk Gladiator)        Turns: 5586, Time: 00:04:13

Health: 0/50       AC:  4    Str:  9 (12) XL:     7   Next: 92%
Magic:  0/7        EV: 14    Int:  4 (7)  God:    Okawaru [......]
Gold:   279        SH:  0    Dex: 23      Spells: 6/6 levels left

rFire   + . .      SeeInvis .   a - +0 trident
rCold   . . .      Faith    .   (no shield)
rNeg    . . .      Spirit   +   v - +2 leather armour of Ceeckom {rF+ Str-4 Dex+5}
rPois   .          Reflect  .   c - +0 helmet
rElec   .          Harm     .   (no cloak)
rCorr   .          Rampage  .   (no gloves)
Will    .....                   (no boots)
Stlth   ++........              g - amulet of guardian spirit
HPRegen 0.16/turn               h - ring of flight
MPRegen 0.10/turn               (no ring)

@: lethally poisoned (0 -> -13), flying
A: (nimble swimmer 2), mertail, agile 1, deformed body
a: Renounce Religion


You were on level 6 of the Dungeon.
You worshipped Okawaru.
Okawaru was noncommittal.
You visited 2 branches of the dungeon, and saw 7 of its levels.

You collected 279 gold pieces.

Inventory:

Hand Weapons
 a - a +0 trident (weapon)
Missiles
 d - 3 throwing nets (quivered)
 y - 4 javelins
Armour
 b - a +0 leather armour
 c - a +0 helmet (worn)
 s - a +0 chain mail
 v - the +2 leather armour of Ceeckom (worn) {rF+ Str-4 Dex+5}
   (You found it on level 3 of the Dungeon)

   Str:       It affects your strength (-4).
   Dex:       It affects your dexterity (+5).
   rF:        It protects you from fire.
Jewellery
 g - an amulet of guardian spirit (around neck)
 h - a ring of flight (left hand)
 w - a ring of see invisible
Wands
 f - a wand of paralysis (6)
 t - a wand of polymorph (13)
 z - a wand of flame (17)
Scrolls
 e - 3 scrolls of amnesia {unknown}
 i - 3 scrolls of blinking {unknown}
 k - a scroll of immolation {unknown}
 l - 3 scrolls of teleportation {unknown}
 o - 3 scrolls of identify {unknown}
 u - a scroll of fear {unknown}
 x - 3 scrolls of magic mapping {unknown}
 B - 2 scrolls of noise {unknown}
Potions
 j - 2 potions of curing
 A - a potion of heal wounds {unknown}


   Skills:
 - Level 2.1 Fighting
 + Level 12.8 Polearms
 - Level 2.0 Throwing
 - Level 4.0 Dodging


You had 6 spell levels left.
You didn't know any spells.
Your spell library contained the following spells:

 Spells                   Type           Power      Damage    Failure   Level
 Magic Dart               Conj           0%         1d3       63%         1
 Sublimation of Blood     Necr           0%         N/A       77%         2
 Wereblood                Tmut           0%         N/A       77%         2
 Mephitic Cloud           Conj/Pois/Air  0%         N/A       94%         3
 Ozocubu's Armour         Ice            0%         N/A       94%         3
 Ozocubu's Refrigeration  Ice            0%         4d5       100%        7
 Call Imp                 Summ           Unusable   N/A       N/A         2
 Summon Hydra             Summ           Unusable   N/A       N/A         7

Dungeon Overview and Level Annotations

Branches:
Dungeon (6/15)             Temple (1/1) D:4

Altars:
Ashenzari
Cheibriados
Dithmenos
Elyvilon
Fedhas
Gozag
Hepliaklqana
Kikubaaqudgha
Makhleb
Nemelex Xobeh
Okawaru
Qazlal
Ru
Sif Muna
Trog
Uskayaw
Vehumet
Wu Jian
Xom
Yredelemnul
Zin
The Shining One

Shops:
D:2 ?


Innate Abilities, Weirdness & Mutations

((You are very nimble when in or above water. (Stealth+, EV+, Speed+++)))
Your lower body shifts to a powerful aquatic tail in water.
You are agile. (Dex +2)
Armour fits poorly on your strangely shaped body.


Message History

You are too injured to fight recklessly!
You are too injured to fight recklessly!
You are too injured to fight recklessly!
Unknown command.
You puncture the water moccasin!
The water moccasin is severely wounded.
You feel sick. The water moccasin barely misses you.
You hit the water moccasin.
The water moccasin is severely wounded.
You feel sick. The water moccasin closely misses you.
You miss the water moccasin.
The water moccasin is severely wounded.
You feel sick. The water moccasin barely misses you.
You closely miss the water moccasin.
The water moccasin is severely wounded.
The water moccasin barely misses you.
You closely miss the water moccasin.
The water moccasin is severely wounded.
You feel sick. The water moccasin bites you!
* * * LOW HITPOINT WARNING * * *
You hit the water moccasin.
The water moccasin is severely wounded.
You feel sick. The water moccasin closely misses you.
You hit the water moccasin but do no damage.
The water moccasin is severely wounded.
The water moccasin misses you.
You hit the water moccasin but do no damage.
The water moccasin is severely wounded.
You feel sick.
You are no longer poisoned.
The water moccasin bites you.
* * * LOW HITPOINT WARNING * * *
You are lethally poisoned!
The water moccasin poisons you!
You hit the water moccasin.
The water moccasin is almost dead.
* * * LOW HITPOINT WARNING * * *
You feel very sick. The water moccasin bites you.
You die...

#.# #.######
#......#
#.####.# ##.##
#.###.# #
#...###<...# #
#.###.######....
# #.
#.#####.....
#### #
#.@.......
)..###.#
#....S.......
#......#
#.....#.##.?..
#..#####
#.##..#.# ...
#..# .. #..... #
#..# # #..#.#.
#..# ...#.##.
#[.# .... ..
#..#


You could see a water moccasin.

Vanquished Creatures
  Sigmund (D:4)
  A water moccasin (D:5)
  An ice beast (D:5)
  2 scorpions
  4 wights
  2 iguanas
  Ijyb (D:4)
  4 adders
  An ufetubus (D:4)
  2 dart slugs
  4 orcs
  6 endoplasms
  A giant cockroach (D:3)
  6 goblins
  4 hobgoblins
  2 quokkas (D:1)
  6 ball pythons
  2 bats (D:2)
  3 frilled lizards (D:3)
  6 kobolds
  3 rats
62 creatures vanquished.

Notes
Turn   | Place    | Note
-------+----------+-------------------------------------------
     0 | D:1      | DocClef the Merfolk Gladiator began the quest for the Orb.
     0 | D:1      | Reached XP level 1. HP: 16/16 MP: 1/1
   168 | D:1      | Reached skill level 5 in Polearms
   275 | D:1      | Reached XP level 2. HP: 22/22 MP: 2/2
   477 | D:1      | Found a faded altar of an unknown god.
   709 | D:2      | Found Oliogex's Magic Scroll Boutique.
   882 | D:2      | Reached skill level 6 in Polearms
   882 | D:2      | Reached XP level 3. HP: 27/27 MP: 3/3
  1623 | D:3      | Found a bloodstained altar of Trog.
  1778 | D:3      | Identified the +2 leather armour of Ceeckom {rF+ Str-4
                  | Dex+5}
  2091 | D:4      | Noticed Sigmund
  2108 | D:5      | Entered Level 5 of the Dungeon
  2250 | D:5      | Reached skill level 7 in Polearms
  2250 | D:5      | Reached XP level 4. HP: 33/33 MP: 4/4
  2482 | D:4      | Reached skill level 8 in Polearms
  2482 | D:4      | Reached XP level 5. HP: 5/37 MP: 1/5
  2766 | D:4      | Reached skill level 9 in Polearms
  2980 | D:5      | Reached XP level 6. HP: 44/44 MP: 6/6
  3012 | D:5      | Noticed an ice beast
  3023 | D:5      | Killed an ice beast
  3024 | D:5      | Reached skill level 10 in Polearms
  3182 | D:5      | Noticed a water moccasin
  3192 | D:5      | Killed a water moccasin
  3420 | D:5      | Reached skill level 11 in Polearms
  3420 | D:5      | Reached XP level 7. HP: 50/50 MP: 7/7
  4326 | D:4      | Noticed Ijyb
  4343 | D:4      | Killed Ijyb
  4384 | D:4      | Reached skill level 12 in Polearms
  4849 | D:4      | Gained mutation: Armour fits poorly on your strangely
                  | shaped body. [potion of mutation]
  4849 | D:4      | Gained mutation: You are agile. (Dex +2) [potion of
                  | mutation]
  4875 | D:4      | Killed Sigmund
  5067 | D:4      | Found a staircase to the Ecumenical Temple.
  5117 | Temple   | Entered the Ecumenical Temple
  5231 | Temple   | Became a worshipper of Warmaster Okawaru
  5586 | D:6      | Slain by a water moccasin

Illustrated notes

Levels and vault maps discovered:
D:1:      dpeg_arrival_round_b, layout_basic,
          hellmonk_ecumenical_altar_inner_sanctum, serial_aquarium,
          aquarium_bridge_island_small [aquarium_subvault_small_open,
          aquarium_subvault_wall, aquarium_subvault_bridge,
          aquarium_subvault_bridge, aquarium_subvault_bridge],
          aquarium_window_fake, aquarium_window_1, aquarium_window_fake,
          aquarium_view_2e, aquarium_view_2g, aquarium_pool_corner
D:2:      layout_rooms, serial_shops, nicolae_shop_advertising_works
          [nicolae_subvault_shop_adworks], minmay_quadrilaterals
D:3:      layout_loops_ring, mainiacjoe_overflow_chevrons,
          chequers_serial_rivers_large_b
D:4:      layout_cave_pods, minmay_temple_entry_purple_smoke, uniq_ijyb,
          uniq_sigmund
D:5:      layout_gridville, nrook_loot_triangle
D:6:      layout_loops_ring, hangedman_decor_peaks_small
Temple:   compressed_dpeg_circular_temple

Skill      XL: |  1  2  3  4  5  6  7 |
---------------+----------------------+-----
Polearms       | 5 6 7 8 9 11 12 | 12.8
Fighting       | |  2.1
Throwing       | |  2.0
Dodging        | |  4.0

Action                   |  1- 3 |  4- 6 |  7- 9 || total
-------------------------+-------+-------+-------++-------
Melee: Trident           |    79 |    52 |   123 ||   254
       Punch             |     2 |       |     4 ||     6
  Use: Potion            |       |       |     7 ||     7
 Stab: Sleeping          |     5 |     1 |     1 ||     7
       Invisible         |       |       |     1 ||     1
Armor: Leather armour    |    13 |     9 |     6 ||    28
Dodge: Dodged            |    16 |    25 |    60 ||   101
